 Dungeon Crawl Stone Soup version 0.19.5 (webtiles) character file.

310 xveg the Skirmisher (level 6, -1/66 HPs)
             Began as an Ogre Berserker on Mar 1, 2017.
             Was a Believer of Trog.
             Slain by an orc (4 damage)
             ... on level 4 of the Dungeon.
             The game lasted 00:10:31 (3176 turns).

xveg the Skirmisher (Ogre Berserker)                Turns: 3176, Time: 00:10:32

Health: -1/66      AC:  3    Str: 25    XL:     6   Next: 41%
Magic:  6/6        EV: 11    Int:  6    God:    Trog [**....]
Gold:   203        SH:  0    Dex:  9    Spells: 0 memorised, 5 levels left

rFire  . . .     SeeInvis .     a - +0 falchion
rCold  . . .     Gourm    .     b - +0 animal skin
rNeg   . . .     Faith    .     (no shield)
rPois  .         Spirit   .     (helmet restricted)
rElec  .         Reflect  .     (no cloak)
rCorr  .         Harm     .     (gloves unavailable)
MR     ++...                    (boots unavailable)
Stlth  +.........               (no amulet)
                                (no ring)
                                (no ring)

@: lethally poisoned (-1 -> -4), regenerating
A: unfitting armour, tough skin 1
a: Berserk, Trog's Hand, Burn Spellbooks, Renounce Religion


You were on level 4 of the Dungeon.
You worshipped Trog.
Trog was pleased with you.
You were full.

You visited 1 branch of the dungeon, and saw 4 of its levels.

You collected 203 gold pieces.

Inventory:

Hand Weapons
 a - a +0 falchion (weapon)
 k - a +0 giant club
Armour
 b - a +0 animal skin (worn)
Scrolls
 d - a scroll of teleportation {unknown}
 i - 2 scrolls of identify {unknown}
 l - a scroll of noise {unknown}
 m - a scroll of recharging {unknown}
Potions
 h - a potion of ambrosia {unknown}
Comestibles
 c - 2 bread rations
 f - 2 beef jerkies
 j - 3 fruits


   Skills:
 + Level 5.2 Fighting
 + Level 3.8 Long Blades
 + Level 4.3 Dodging
 + Level 0.5 Stealth


You had 5 spell levels left.
You didn't know any spells.

Dungeon Overview and Level Annotations

Branches:
Dungeon (4/15)
 Temple: D:4-7

Altars:


Innate Abilities, Weirdness & Mutations

You are too large for most types of armour.
You have tough skin. (AC +1)


Message History

The worker ant bites you.
* * * LOW HITPOINT WARNING * * *
The orc closely misses you.
You riposte.
You hit the orc.
The orc is heavily wounded.
You barely miss the worker ant.
The worker ant is almost dead.
* * * LOW HITPOINT WARNING * * *
You feel sick. The worker ant bites you.
* * * LOW HITPOINT WARNING * * *
The orc hits you.
* * * LOW HITPOINT WARNING * * *
The worker ant barely misses you.
You riposte.
You hit the worker ant.
You kill the worker ant!
Trog accepts your kill.
Your skin crawls.
You feel resistant to hostile enchantments.
You feel somewhat less full.
* * * LOW HITPOINT WARNING * * *
You feel sick. The orc hits you.
You die...

.###... ####...#..
#...##...# #...##.#.##
#..........
#######...##...#.
####................
#...o##########.....
##)@...### #.....a
#.<##...#####.##...
#####(>####...h...##...
#........###a......#...
#........# #.#####...##
#........#...# ###..#
#..........### ##..
#..........# ##
#........#...


You could see an orc.

Vanquished Creatures
  An ogre (D:3)
  3 worker ants (D:4)
  9 adders
  A worm (D:4)
  A dart slug (D:3)
  A leopard gecko (D:1)
  4 orcs
  A ball python (D:3)
  8 bats
  2 giant cockroaches
  5 goblins
  4 hobgoblins
  8 jackals
  9 kobolds
  2 quokkas (D:3)
  5 frilled lizards
  A leopard gecko skeleton (D:4)
  7 rats
72 creatures vanquished.

Notes
Turn   | Place    | Note
-------+----------+-------------------------------------------
     0 | D:1      | xveg the Ogre Berserker began the quest for the Orb.
     0 | D:1      | Reached XP level 1. HP: 24/24 MP: 1/1
   148 | D:1      | Reached XP level 2. HP: 18/32 MP: 2/2
   440 | D:2      | Reached XP level 3. HP: 33/40 MP: 3/3
   845 | D:2      | Reached ** piety under Trog
  1312 | D:2      | Reached XP level 4. HP: 35/49 MP: 4/4
  1763 | D:3      | Noticed an ogre
  1769 | D:3      | Killed an ogre
  1769 | D:3      | Reached skill level 5 in Fighting
  1769 | D:3      | Reached XP level 5. HP: 50/57 MP: 5/5
  1851 | D:3      | HP: 2/57 [quokka (2)]
  1857 | D:3      | HP: 1/57 [goblin/dagger (2)]
  2583 | D:4      | HP: 2/57 [adder (3)]
  2584 | D:4      | Reached XP level 6. HP: 1/66 MP: 6/6
  2588 | D:4      | HP: 2/66 [poisoned by an adder]
  3175 | D:4      | HP: 3/66 [orc (4)]
  3176 | D:4      | Slain by an orc

Skill      XL: |  1  2  3  4  5 |
---------------+----------------+-----
Dodging        | 3 4 |  4.3
Fighting       | 5 |  5.2
Long Blades    | 3 |  3.8
Stealth        | |  0.5

Action                   |  1- 3 |  4- 6 || total
-------------------------+-------+-------++-------
Melee: Falchion          |   108 |   124 ||   232
       Giant club        |       |    21 ||    21
Invok: Berserk           |       |     1 ||     1
       Trog's Hand       |       |     3 ||     3
  Use: Potion            |       |     5 ||     5
  Eat: Meat ration       |       |     3 ||     3
Armor: Animal skin       |    49 |    62 ||   111
Dodge: Dodged            |    98 |   177 ||   275
       Rpst.: Falchion   |    31 |    46 ||    77
